 Dungeon Crawl Stone Soup version 0.17-a0-1646-geb1493d (webtiles) character file.

153 Nakatomy the Bolt Thrower (level 5, -3/45 HPs)
             Began as a Deep Dwarf Hunter on Aug 11, 2015.
             Slain by Sigmund
             ... wielding a +2 scythe of venom
              (7 damage)
             ... on level 3 of the Dungeon.
             The game lasted 00:13:17 (1944 turns).

Nakatomy the Bolt Thrower (Deep Dwarf Hunter)       Turns: 1944, Time: 00:13:17

Health: -3/45      AC:  6    Str: 15    XL:     5   Next: 12%
Magic:  5/5        EV: 10    Int: 12    God:
Gold:   146        SH:  0    Dex: 14    Spells: 0 memorised, 4 levels left

rFire  . . .     SeeInvis .     a - +1 hand crossbow
rCold  . . .     Clarity  .     u - +0 scale mail
rNeg   . . .     SustAt   .     (no shield)
rPois  .         Gourm    .     (no helmet)
rElec  .         Spirit   .     (no cloak)
rCorr  .         Warding  .     (no gloves)
rMut   .         Stasis   .     (no boots)
MR     .....                    w - amulet of regeneration
Stlth  ..........               (no ring)
                                (no ring)

@: confused, lethally poisoned (-3 -> -5), non-regenerating, not resistant to
hostile enchantments, extremely unstealthy
A: damage resistance, recharge devices, sense surroundings 1, slow healing 3
a: Device Recharging


You were on level 3 of the Dungeon.
You were not hungry.

You visited 1 branch of the dungeon, and saw 3 of its levels.

You collected 146 gold pieces.

Inventory:

Hand weapons
 a - a +1 hand crossbow (weapon)
 b - a +0 short sword
Missiles
 c - 14 bolts (quivered)
Armour
 d - a +0 leather armour
 t - a +0 ring mail
 u - a +0 scale mail (worn)
Jewellery
 w - an amulet of regeneration (around neck)
Magical devices
 e - a wand of heal wounds (1)
Scrolls
 g - 2 scrolls of teleportation {unknown}
 h - a scroll of fog {unknown}
 i - 9 scrolls of identify {unknown}
 l - 5 scrolls of remove curse {unknown}
 n - 5 scrolls of noise {unknown}
 q - 2 scrolls of random uselessness {unknown}
 r - a scroll of blinking {unknown}
Potions
 j - a potion of flight {unknown}
 p - 2 potions of brilliance {unknown}
 s - 3 potions of cancellation {unknown}
 v - a potion of invisibility {unknown}
Comestibles
 f - a bread ration
 k - 2 meat rations
 m - a slice of pizza
 o - a chunk of flesh


   Skills:
 - Level 1.7 Fighting
 + Level 7.1 Crossbows
 - Level 2.1 Dodging
 - Level 1.2 Stealth


You had 4 spell levels left.
You didn't know any spells.

Dungeon Overview and Level Annotations

Branches:
Dungeon (3/15)

Altars:
Nemelex Xobeh
Trog
Xom

Annotations:
D:3 Sigmund


Innate Abilities, Weirdness & Mutations

You are resistant to damage.
You can recharge devices by infusing magical energy.
You passively map a small area around you.
You do not heal naturally.


Message History

* * * LOW HITPOINT WARNING * * *
You are more poisoned.
Evoke which item? (* to show all) (? for menu, Esc to quit)
Zapping:
e - a wand of heal wounds (3)
Press: ? - help, Shift-Dir - straight line, f - you Nothing appears to happen.
This wand has 2 charges left.
You feel sick. Something hits you.
* * * LOW HITPOINT WARNING * * *
You bump into the rock wall.
You're too confused to move!
Something hits you but does no damage.
You are more poisoned.
Eat which item? (? for menu, Esc to quit)
Okay, then.
Evoke which item? (* to show all) (? for menu, Esc to quit)
Zapping:
e - a wand of heal wounds (2)
Press: ? - help, Shift-Dir - straight line, f - you Nothing appears to happen.
This wand has 1 charge left.
* * * LOW HITPOINT WARNING * * *
You feel sick. Something hits you!
You die...

######..##.# * #..#
#..##.# #..#
#..##.######## ,#..#
#.............
,#..###..†#.####.#(.
# #..........# #.#..
#.##.......### #.#..
#....#####.# #...#
####@# * #.# ###.#
#..{..#.# ###
#####.#.#
,#.##########
*,#>..........
############


There were no monsters in sight!

Vanquished Creatures
  4 gnolls (D:2)
  5 adders
  A worm (D:2)
  5 orcs (D:3)
  2 ball pythons
  A giant cockroach (D:1)
  5 goblins
  8 hobgoblins
  8 kobolds
  2 quokkas
  3 bats (D:1)
  5 giant newts
  10 jackals
  7 rats
66 creatures vanquished.

Notes
Turn   | Place    | Note
--------------------------------------------------------------
     0 | D:1      | Nakatomy the Deep Dwarf Hunter began the quest for the Orb.
     0 | D:1      | Reached XP level 1. HP: 19/19 MP: 1/1
   114 | D:1      | Reached XP level 2. HP: 20/26 MP: 2/2
   192 | D:1      | Reached skill level 5 in Crossbows
   734 | D:2      | Reached XP level 3. HP: 24/32 MP: 3/3
   741 | D:2      | Reached skill level 6 in Crossbows
   805 | D:2      | Reached XP level 4. HP: 30/39 MP: 4/4
  1354 | D:2      | Found a bloodstained altar of Trog.
  1354 | D:2      | Found a sparkling altar of Nemelex Xobeh.
  1754 | D:3      | Found a shimmering altar of Xom.
  1756 | D:3      | Reached skill level 7 in Crossbows
  1756 | D:3      | Reached XP level 5. HP: 24/45 MP: 5/5
  1928 | D:3      | Noticed Sigmund
  1944 | D:3      | Slain by Sigmund

Vault maps used:
D:1:      dpeg_arrival_another_circle, corexii_corridor_pit
D:2:      gammafunk_temple_overflow_wave
D:3:      lemuel_doored_altar, old_standard_altar, uniq_grinder, uniq_natasha,
          uniq_sigmund

Action                   |  1- 3 |  4- 6 || total
-------------------------+-------+-------++-------
Melee: Short sword       |    28 |    49 ||    77
 Fire: Hand crossbow     |    57 |    80 ||   137
Evoke: Wand              |     1 |     3 ||     4
  Eat: Chunk             |       |     3 ||     3
